 Dungeon Crawl Stone Soup version 0.27.0-1-g7a089689b8 (webtiles) character file.

Game seed: 11675252501710451409

158 ZombieSheep the Skirmisher (level 5, -1/47 HPs)
             Began as a Ghoul Monk on Aug 4, 2021.
             Slain by a gnoll (14 damage)
             ... on level 3 of the Dungeon.
             The game lasted 00:04:19 (3087 turns).

ZombieSheep the Skirmisher (Ghoul Monk)             Turns: 3087, Time: 00:04:20

Health: -1/47      AC:  7    Str: 16    XL:     5   Next: 39%
Magic:  4/4        EV: 10    Int:  5    God:
Gold:   98         SH:  0    Dex: 11    Spells: 4/4 levels left

rFire    . . .     SeeInvis .   a - +0 hand axe
rCold    + . .     Faith    .   (no shield)
rNeg     + + +     Spirit   .   p - +0 scale mail
rPois    ∞         Reflect  .   m - +0 helmet
rElec    .         Harm     .   (no cloak)
rCorr    .         Rampage  .   (no gloves)
Will     .....                  (no boots)
Stlth    ..........             (no amulet)
HPRegen  0.00/turn              (no ring)
MPRegen  0.09/turn              (no ring)

@: inhibited regen
A: claws 1, cold resistance 1, negative energy resistance 3, inhibited
regeneration, torment resistance 2
a: no special abilities


You were on level 3 of the Dungeon.
You visited 1 branch of the dungeon, and saw 4 of its levels.

You collected 98 gold pieces.

Inventory:

Hand Weapons
 a - a +0 hand axe (weapon)
 o - a +0 spectral club
Armour
 m - a +0 helmet (worn)
 p - a +0 scale mail (worn)
Wands
 n - a wand of digging (4)
Scrolls
 c - 3 scrolls of blinking {unknown}
 e - 2 scrolls of identify {unknown}
 f - a scroll of magic mapping {unknown}
 g - 2 scrolls of immolation {unknown}
 i - a scroll of enchant armour {unknown}
 l - a scroll of brand weapon {unknown}
Potions
 d - 3 potions of lignification {unknown}
 h - a potion of heal wounds {unknown}
 j - a potion of might {unknown}
 k - a potion of invisibility {unknown}


   Skills:
 * Level 4.9 Fighting
 + Level 3.3 Axes
 + Level 1.6 Armour
 + Level 3.3 Dodging
 - Level 2.1 Stealth


You had 4 spell levels left.
You didn't know any spells.
Your spell library was empty.

Dungeon Overview and Level Annotations

Branches:
Dungeon (4/15)
 Temple: D:4-7

Altars:

Shops:
D:4 *


Innate Abilities, Weirdness & Mutations

You thrive by killing the living.
You are immune to poison.
You have sharp fingernails.
Your flesh is cold resistant. (rC+)
You are immune to negative energy. (rN+++)
You do not regenerate when monsters are visible.
You are immune to unholy pain and torment.


Message History

There is a huge open gate here.
You enter the shallow water.
Moving in this stuff is going to be slow.
An orc priest comes into view. It is wielding a +0 flail.
The orc misses you. The gnoll closely misses you.
The orc hits you with a +0 dagger.
You see here a jackal skeleton.
You see here 27 stones.
You see here a +0 club.
You open the door. The orc barely misses you.
There is an open door here.
You hit the orc.
The orc is almost dead.
Your scale mail prevents you from hitting the orc.
The orc is almost dead.
You closely miss the orc. The orc hits you but does no damage.
The gnoll hits you from afar with a +0 halberd!
The orc barely misses you.
You hit the orc but do no damage.
The orc is almost dead.
You hit the orc. The orc hits you with a +0 dagger.
The gnoll closely misses you. The orc hits you with a +0 club.
You hit the orc.
You kill the orc!
You barely miss the orc.
The gnoll hits you from afar with a +0 halberd.
The orc closely misses you.
You hit the orc.
You kill the orc!
The gnoll hits you from afar with a +0 halberd.
The gnoll hits you with a +0 halberd!
* * * LOW HITPOINT WARNING * * *
There is an open door here.
You see here a +0 club.
You hit the gnoll.
The gnoll is moderately wounded.
The gnoll hits you with a +0 halberd!
You die...

.............#...#≈≈....#.##+#.##
.≈≈≈≈≈≈≈≈≈≈≈≈#####≈≈....#.#....#
.≈≈≈≈≈≈≈≈≈≈≈≈≈≈≈≈≈≈≈....#[#....##
.≈≈≈≈≈≈≈≈≈≈≈≈≈≈≈≈≈≈≈....#.#......
........).........P.....#.#......
........÷....(............#....#.
###############.#########.##+#.#.
# #.g# #.##..... # ##@######
#.##..... # #.)......##.##..... #
#........##.##.....
#........##.##.....
#######..######.##.#'#.
#........# #.##.#.## #........##
#.##.#... #### #.........#
#.##.#### #..# #.........##
#........


You could see a gnoll.

Vanquished Creatures
  Jessica (D:3)
  A gnoll (D:3)
  6 adders
  2 ufetubi
  2 worms (D:2)
  A dart slug (D:2)
  3 orcs (D:3)
  A ball python (D:2)
  6 endoplasms
  3 giant cockroaches
  A goblin (D:3)
  2 hobgoblins (D:4)
  7 jackals
  4 kobolds
  2 quokkas (D:2)
  3 bats
  A frilled lizard (D:2)
  4 rats
50 creatures vanquished.

Notes
Turn   | Place    | Note
-------+----------+-------------------------------------------
     0 | D:1      | ZombieSheep the Ghoul Monk began the quest for the Orb.
     0 | D:1      | Reached XP level 1. HP: 19/19 MP: 0/0
   231 | D:1      | Reached XP level 2. HP: 22/26 MP: 1/1
   256 | D:1      | You fall into a shaft and drop 1 floor!
   622 | D:2      | Reached XP level 3. HP: 31/33 MP: 2/2
   681 | D:2      | Reached skill level 4 in Fighting
   694 | D:2      | Reached skill level 1 in Armour
  1141 | D:2      | Reached XP level 4. HP: 29/40 MP: 3/3
  1830 | D:2      | You fall into a shaft and drop 2 floors!
  1988 | D:4      | Noticed an ogre
  2202 | D:4      | Found Voyx's General Store.
  2579 | D:3      | Noticed Jessica
  2592 | D:3      | Killed Jessica
  2593 | D:3      | Reached XP level 5. HP: 47/47 MP: 4/4
  3087 | D:3      | Slain by a gnoll

Illustrated notes

Levels and vault maps discovered:
D:1:      dpeg_arrival_ratfight, layout_loops_ring, basic_ecumenical_altar,
          roderic_malta_cross
D:2:      layout_loops_cross, minmay_misc_feat_secret_circle
D:3:      lemuel_castle_with_subvaults [lemuel_castle_interior_carwin_2],
          layout_basic, nicolae_underground_beach, uniq_jessica
D:4:      layout_cave_pods, serial_shops, nicolae_take_the_stairs

Skill      XL: |  1  2  3 |
---------------+----------+-----
Fighting       | 4 |  4.9
Axes           | 3 |  3.3
Dodging        | 3 |  3.3
Armour         | 1 |  1.6
Stealth        | |  2.1

Action                   |  1- 3 |  4- 6 || total
-------------------------+-------+-------++-------
Melee: Hand axe          |    79 |   132 ||   211
 Stab: Sleeping          |     4 |     1 ||     5
Armor: Robe              |    10 |    24 ||    34
       Scale mail        |       |     2 ||     2
Dodge: Dodged            |    44 |   105 ||   149
